Blackdemons vs Monarchs
Created - 15 septembre 2014 at 19:04
Simulating a Pre-Season
Goals
|
| Blackdemons |
2 |
3 |
1 |
6 |
| Monarchs |
0 |
3 |
2 |
5 |
|
Shots
|
| Blackdemons |
14 |
10 |
12 |
36 |
| Monarchs |
2 |
17 |
23 |
42 |
|
1st period
1. Blackdemons , Sam Gagner 7 (Enver Lisin, Andrew MacDonald) at 3:50
2. Blackdemons , Barry Tallackson 2 (Zach Boychuk, Shawn Matthias) at 14:29
Penalties :
Matt Martin (MAN) for Roughing (Minor) at 1:19, Jakub Kindl (MJM) for Hooking (Minor) at 10:25, Matt Duchene (MAN) for Holding (Minor) at 16:29
2nd period
3. Blackdemons , Matt Calvert 2 (Alyn McCauley, Michael Haley) at 2:20
4. Blackdemons , Barry Tallackson 3 (Zach Boychuk, Brendon Nash) at 3:13
5. Monarchs , Alex Chiasson 1 (Tommy Wingels) at 4:05
6. Monarchs , Brayden Schenn 2 (Brian Gionta, Matt Duchene) at 6:33 (PP)
7. Blackdemons , Brendon Nash 2 (Barry Tallackson, Andrew MacDonald) at 8:30 (PP)
8. Monarchs , Matt Duchene 6 (Hnat Domenichelli, Brian Gionta) at 18:52
Penalties :
Brendon Nash (MJM) for Hooking (Minor) at 6:32, Brayden Schenn (MAN) for Holding (Minor) at 7:53
3rd period
9. Monarchs , Hnat Domenichelli 1 (Brian Gionta, Brian Pothier) at 0:23
10. Blackdemons , Matt Calvert 3 (Alyn McCauley, Sam Gagner) at 11:47
11. Monarchs , Brayden Schenn 3 (Brock Trotter, Brian Pothier) at 15:46
Penalties :
Andrew MacDonald (MJM) for Roughing (Minor) at 5:24
Goalie Stats
Matt Hackett (MJM), 37 saves from 42 shots - (0,881), W, 1-1-0, 60:00 minutes
Sergei Bobrovsky (MAN), 12 saves from 16 shots - (0,750), 23:13 minutes
Peter Budaj (MAN), 18 saves from 20 shots - (0,900), L, 1-2-0, 35:51 minutes
Players Stats for Blackdemons
Player Name G A P +/- PIM S H SB GA TA FO MP PP MP PK MP
------------------------------------------------------------------------------------
Alyn McCauley 0 2 2 1 0 1 0 0 0 0 11/23 15:11 0:00 2:29
Andrew MacDonald 0 2 2 1 2 3 1 2 1 1 0/0 20:33 2:24 0:55
Barry Tallackson 2 1 3 0 0 8 2 0 0 0 3/4 18:33 1:58 2:25
Brendon Nash 1 1 2 1 2 4 3 0 1 0 0/0 26:16 2:10 1:51
Calvin de Haan 0 0 0 0 0 0 1 0 0 0 0/0 11:51 0:26 0:04
Enver Lisin 0 1 1 0 0 5 1 0 4 0 0/0 22:50 2:37 0:56
Jakub Kindl 0 0 0 0 2 1 1 4 0 1 0/0 25:49 1:45 1:09
Luca Caputi 0 0 0 0 0 0 0 0 0 0 0/0 6:33 0:00 0:00
Matt Calvert 2 0 2 1 0 2 0 0 1 1 0/0 12:42 0:00 0:00
Matt Hunwick 0 0 0 0 0 1 1 2 0 1 0/0 20:46 0:46 2:07
Michael Haley 0 1 1 1 0 2 2 0 1 0 0/2 12:52 0:00 1:22
Reilly Smith 0 0 0 0 0 1 0 0 0 0 0/0 20:38 2:37 0:00
Sam Gagner 1 1 2 0 0 6 3 0 0 0 14/21 20:38 2:37 0:00
Scott Timmins 0 0 0 0 0 0 1 0 0 0 0/0 6:41 0:00 0:06
Shawn Belle 0 0 0 0 0 0 1 1 0 0 0/0 14:48 1:39 1:52
Shawn Matthias 0 1 1 0 0 0 2 0 1 0 6/15 16:02 1:58 0:00
Steven Zalewski 0 0 0 0 0 0 0 1 0 0 1/3 7:13 0:00 0:40
Zach Boychuk 0 2 2 0 0 2 4 1 0 1 0/0 16:02 1:58 0:00
Players Stats for Monarchs
Player Name G A P +/- PIM S H SB GA TA FO MP PP MP PK MP
------------------------------------------------------------------------------------
Alec Martinez 0 0 0 1 0 0 0 0 0 0 0/0 12:14 0:00 0:00
Alex Chiasson 1 0 1 0 0 4 2 0 0 0 1/3 13:46 1:49 0:00
Brayden Schenn 2 0 2 0 2 4 2 0 0 0 5/11 16:55 2:10 0:01
Brian Gionta 0 3 3 0 0 4 3 1 2 0 2/8 23:23 2:10 2:37
Brian Pothier 0 2 2 0 0 1 1 0 0 2 0/0 19:07 1:24 2:40
Brock Trotter 0 1 1 0 0 5 0 0 1 0 0/0 15:47 0:00 0:39
David Clarkson 0 0 0 0 0 3 0 0 1 0 0/1 16:24 0:00 1:19
Dwight King 0 0 0 0 0 2 1 0 0 0 0/0 12:09 0:00 0:00
Frederic St-Denis 0 0 0 0 0 0 0 1 0 0 0/0 4:56 0:00 1:55
Hnat Domenichelli 1 1 2 0 0 5 2 2 0 1 0/1 22:43 1:49 2:37
James Wisniewski 0 0 0 1 0 2 2 1 0 0 0/0 14:54 0:00 2:40
John Moore 0 0 0 -2 0 1 1 4 0 3 0/0 23:43 2:35 0:00
Justin Schultz 0 0 0 -2 0 1 4 3 0 0 0/0 24:54 2:35 0:00
Kyle Wharton 0 0 0 0 0 0 0 0 0 1 0/0 4:56 0:00 1:55
Marc-André Bernier 0 0 0 -1 0 0 0 0 0 0 0/0 5:46 0:00 0:00
Matt Duchene 1 1 2 1 2 5 1 0 1 1 21/35 20:02 2:10 0:00
Matt Martin 0 0 0 -2 2 0 1 0 0 1 0/0 8:15 1:49 0:00
Maxime Macenauer 0 0 0 -1 0 2 0 0 0 0 2/2 7:25 0:00 1:19
Slava Voynov 0 0 0 0 0 2 0 0 0 0 0/0 15:16 1:24 0:00
Tommy Wingels 0 1 1 0 0 1 1 0 0 0 2/7 12:47 0:00 0:38
3 Stars
1 - Barry Tallackson (MJM)
2 - Matt Calvert (MJM)
3 - Brian Gionta (MAN)
Power Play
Blackdemons - 1 on 3 Attempt(s) - 33,33%
Monarchs - 1 on 3 Attempt(s) - 33,33%
Penalty Kill
Blackdemons - 2 on 3 Attempt(s) - 66,67%
- Score 0 goal in Penalty Kill
Monarchs - 2 on 3 Attempt(s) - 66,67%
- Score 0 goal in Penalty Kill
Official
Referees : StPierre Justin and O'Halloran Dan
Linesman : Don Henderson and Mark Wheler
Game Notes
Peter Budaj enters game at 3:13 of 2nd period
16:25 of 3rd period - Monarchs goal is going for a video replay. After video review, No Goal. The net was displaced accidentally.
Blackdemons
5 vs 5 Forward
Center Left Wing Right Wing Time % Phy DF OF
1 Sam Gagner Enver Lisin Reilly Smith 35 1 1 3
2 Shawn Matthias Zach Boychuk Barry Tallackson 30 1 2 2
3 Alyn McCauley Matt Calvert Michael Haley 25 1 3 1
4 Steven Zalewski Luca Caputi Scott Timmins 10 1 4 0
5 vs 5 Defense
Defense Defense Time % Phy DF OF
1 Brendon Nash Jakub Kindl 35 1 3 1
2 Matt Hunwick Andrew MacDonald 35 1 3 1
3 Calvin de Haan Shawn Belle 20 1 3 1
4 Brendon Nash Jakub Kindl 10 1 2 2
PowerPlay Forward
Center Left Wing Right Wing Time % Phy DF OF
1 Sam Gagner Enver Lisin Reilly Smith 60 1 0 4
2 Shawn Matthias Zach Boychuk Barry Tallackson 40 3 0 2
PowerPlay Defense
Defense Defense Time % Phy DF OF
1 Brendon Nash Andrew MacDonald 60 1 2 2
2 Shawn Belle Jakub Kindl 40 1 2 2
Penalty Kill 4 Players Forward
Center Wing Time % Phy DF OF
1 Alyn McCauley Barry Tallackson 60 1 4 0
2 Steven Zalewski Michael Haley 40 1 4 0
Penalty Kill 4 Players Defense
Defense Defense Time % Phy DF OF
1 Matt Hunwick Jakub Kindl 50 1 4 0
2 Brendon Nash Shawn Belle 50 1 4 0
Penalty Kill - 3 Players Forward
Forward Time % Phy DF OF
1 Alyn McCauley 60 1 4 0
2 Steven Zalewski 40 1 4 0
Penalty Kill - 3 Players Defense
Defense Defense Time % Phy DF OF
1 Matt Hunwick Jakub Kindl 50 1 4 0
2 Brendon Nash Shawn Belle 50 1 4 0
4 vs 4 Forward
Center Wing Time % Phy DF OF
1 Sam Gagner Enver Lisin 60 0 2 3
2 Alyn McCauley Barry Tallackson 40 1 3 1
4 vs 4 Defense
Defense Defense Time % Phy DF OF
1 Brendon Nash Jakub Kindl 50 1 3 1
2 Matt Hunwick Andrew MacDonald 50 1 3 1
Last Minutes Offensive
Center Left Wing Right Wing Defense Defense
Sam Gagner Barry Tallackson Enver Lisin Brendon Nash Andrew MacDonald
Last Minutes Defensive
Center Left Wing Right Wing Defense Defense
Alyn McCauley Enver Lisin Barry Tallackson Matt Hunwick Jakub Kindl
Goaltenders
Starting : Matt Hackett
Backup : Martin Biron
Extra Forwards
Normal : Matt Calvert, Michael Haley, Zach Boychuk - PP : Matt Calvert, Alyn McCauley - PK : Enver Lisin
Extra Defensemen
Normal : Calvin de Haan, Andrew MacDonald, Shawn Belle - PP : Matt Hunwick - PK : Andrew MacDonald, Calvin de Haan
Penalty Shots
Barry Tallackson, Enver Lisin, Shawn Matthias, Alyn McCauley, Matt Calvert
Monarchs
5 vs 5 Forward
Center Left Wing Right Wing Time % Phy DF OF
1 Matt Duchene Hnat Domenichelli Brian Gionta 40 1 1 3
2 Brayden Schenn Brock Trotter David Clarkson 35 1 2 2
3 Tommy Wingels Dwight King Alex Chiasson 20 0 3 2
4 Maxime Macenauer Matt Martin Marc-André Bernier 5 2 3 0
5 vs 5 Defense
Defense Defense Time % Phy DF OF
1 John Moore Justin Schultz 40 0 2 3
2 Brian Pothier Slava Voynov 30 0 3 2
3 Alec Martinez James Wisniewski 25 0 3 2
4 Kyle Wharton Frederic St-Denis 5 0 3 2
PowerPlay Forward
Center Left Wing Right Wing Time % Phy DF OF
1 Matt Duchene Brayden Schenn Brian Gionta 60 0 1 4
2 Hnat Domenichelli Matt Martin Alex Chiasson 40 0 2 3
PowerPlay Defense
Defense Defense Time % Phy DF OF
1 Justin Schultz John Moore 60 0 2 3
2 Slava Voynov Brian Pothier 40 0 2 3
Penalty Kill 4 Players Forward
Center Wing Time % Phy DF OF
1 Brian Gionta Hnat Domenichelli 60 0 4 1
2 Maxime Macenauer David Clarkson 40 0 4 1
Penalty Kill 4 Players Defense
Defense Defense Time % Phy DF OF
1 James Wisniewski Brian Pothier 60 1 4 0
2 Kyle Wharton Frederic St-Denis 40 1 4 0
Penalty Kill - 3 Players Forward
Forward Time % Phy DF OF
1 Brian Gionta 60 0 4 1
2 Maxime Macenauer 40 0 4 1
Penalty Kill - 3 Players Defense
Defense Defense Time % Phy DF OF
1 Kyle Wharton Brian Pothier 60 1 4 0
2 James Wisniewski Frederic St-Denis 40 1 4 0
4 vs 4 Forward
Center Wing Time % Phy DF OF
1 Brayden Schenn Hnat Domenichelli 60 1 2 2
2 Matt Duchene Brian Gionta 40 1 2 2
4 vs 4 Defense
Defense Defense Time % Phy DF OF
1 James Wisniewski Brian Pothier 60 1 2 2
2 Alec Martinez Kyle Wharton 40 1 2 2
Last Minutes Offensive
Center Left Wing Right Wing Defense Defense
Matt Duchene Hnat Domenichelli Brian Gionta Justin Schultz Brian Pothier
Last Minutes Defensive
Center Left Wing Right Wing Defense Defense
Maxime Macenauer Hnat Domenichelli David Clarkson John Moore Brian Pothier
Goaltenders
Starting : Sergei Bobrovsky
Backup : Peter Budaj
Extra Forwards
Normal : Matt Duchene, Brayden Schenn, Matt Martin - PP : Dwight King, David Clarkson - PK : Tommy Wingels
Extra Defensemen
Normal : Brian Pothier, John Moore, Justin Schultz - PP : James Wisniewski - PK : Alec Martinez, John Moore
Penalty Shots
Brian Gionta, Hnat Domenichelli, David Clarkson, Tommy Wingels, Alex Chiasson
% Time on Ice - Blackdemons
Lines # - Real PCT - Wanted PCT - Time Play
Normal Forward
1 - 36% - 35% - 18:07
2 - 28% - 30% - 14:04
3 - 23% - 25% - 11:30
4 - 13% - 10% - 6:33
Normal Defense
1 - 36% - 35% - 18:11
2 - 36% - 35% - 17:50
3 - 20% - 20% - 10:02
4 - 8% - 10% - 4:11
PP Forward
1 - 57% - 60% - 2:37
2 - 43% - 40% - 1:58
PP Defense
1 - 64% - 60% - 2:56
2 - 36% - 40% - 1:39
PK Forward
1 - 83% - 60% - 3:19
2 - 17% - 40% - 0:40
PK Defense
1 - 53% - 50% - 2:07
2 - 47% - 50% - 1:52
PK3 Forward
1 - 0% - 60%
2 - 0% - 40%
PK3 Defense
1 - 0% - 50%
2 - 0% - 50%
44 Forward
1 - 0% - 60%
2 - 0% - 40%
44 Defense
1 - 0% - 50%
2 - 0% - 50%
Last Minute Offensive - 0:00
Last Minute Defensive - 1:12
Total
Forward - 60:00
Defense - 60:00
|
% Time on Ice - Monarchs
Lines # - Real PCT - Wanted PCT - Time Play
Normal Forward
1 - 34% - 40% - 17:14
2 - 30% - 35% - 15:06
3 - 24% - 20% - 12:09
4 - 11% - 5% - 5:46
Normal Defense
1 - 42% - 40% - 21:08
2 - 29% - 30% - 14:39
3 - 24% - 25% - 12:14
4 - 4% - 5% - 2:14
PP Forward
1 - 54% - 60% - 2:10
2 - 46% - 40% - 1:49
PP Defense
1 - 65% - 60% - 2:35
2 - 35% - 40% - 1:24
PK Forward
1 - 71% - 60% - 3:16
2 - 29% - 40% - 1:19
PK Defense
1 - 58% - 60% - 2:40
2 - 42% - 40% - 1:55
PK3 Forward
1 - 0% - 60%
2 - 0% - 40%
PK3 Defense
1 - 0% - 60%
2 - 0% - 40%
44 Forward
1 - 0% - 60%
2 - 0% - 40%
44 Defense
1 - 0% - 60%
2 - 0% - 40%
Last Minute Offensive - 1:11
Last Minute Defensive - 0:00
Total
Forward - 60:00
Defense - 60:00
|
Play by Play
1st period
0:01 of 1st period - Sam Gagner wins face-off versus Matt Duchene in neutral zone.
0:05 of 1st period - Off-side.
0:06 of 1st period - Sam Gagner wins face-off versus Matt Duchene in neutral zone.
0:09 of 1st period - Justin Schultz is hit by Sam Gagner and loses puck.
0:36 of 1st period - John Moore is hit by Shawn Matthias and loses puck.
1:10 of 1st period - Wrist shot by Marc-André Bernier.
1:10 of 1st period - Shot Blocked by Jakub Kindl.
1:19 of 1st period - Minor Penalty to Matt Martin for Roughing.
1:20 of 1st period - Sam Gagner wins face-off versus Brian Gionta in Monarchs zone.
1:31 of 1st period - Slapshot by Sam Gagner.
1:31 of 1st period - Shot Misses the Net.
1:41 of 1st period - James Wisniewski is hit by Enver Lisin and loses puck.
2:02 of 1st period - Hnat Domenichelli is hit by Zach Boychuk and loses puck.
3:16 of 1st period - Icing by Brendon Nash.
3:17 of 1st period - Sam Gagner wins face-off versus Brian Gionta in Blackdemons zone.
3:19 of 1st period - Penalty to Matt Martin is over, Matt Martin is back on ice.
3:26 of 1st period - Slapshot by Sam Gagner.
3:26 of 1st period - Stopped by Sergei Bobrovsky with a rebound.
3:28 of 1st period - Slapshot by Brendon Nash.
3:28 of 1st period - Shot Misses the Net.
3:34 of 1st period - Slapshot by Enver Lisin.
3:34 of 1st period - Shot Misses the Net.
3:38 of 1st period - Wrist shot by Enver Lisin.
3:38 of 1st period - Shot Blocked by Frederic St-Denis.
3:50 of 1st period - Snap shot by Sam Gagner.
3:50 of 1st period - Goal by Sam Gagner - Blackdemons : 1 - Monarchs : 0.
3:51 of 1st period - Brayden Schenn wins face-off versus Shawn Matthias in neutral zone.
4:00 of 1st period - Brayden Schenn is hit by Shawn Matthias and loses puck.
4:05 of 1st period - Snap shot by Barry Tallackson.
4:05 of 1st period - Shot Misses the Net.
4:07 of 1st period - Snap shot by Barry Tallackson.
4:07 of 1st period - Stopped by Sergei Bobrovsky with a rebound.
4:23 of 1st period - Slapshot by Brendon Nash.
4:23 of 1st period - Stopped by Sergei Bobrovsky with a rebound.
4:25 of 1st period - Wrist shot by Brendon Nash.
4:25 of 1st period - Deflect By Steven Zalewski.
4:25 of 1st period - Shot Blocked by John Moore.
4:25 of 1st period - Puck is out of play.
4:26 of 1st period - Matt Duchene wins face-off versus Alyn McCauley in Monarchs zone.
5:11 of 1st period - Backhand shot by Brendon Nash.
5:11 of 1st period - Stopped by Sergei Bobrovsky without a rebound.
5:12 of 1st period - Maxime Macenauer wins face-off versus Steven Zalewski in Monarchs zone.
5:37 of 1st period - David Clarkson is hit by Sam Gagner and loses puck.
5:43 of 1st period - Icing by Justin Schultz.
5:44 of 1st period - Sam Gagner wins face-off versus Brayden Schenn in Monarchs zone.
5:45 of 1st period - Snap shot by Enver Lisin.
5:45 of 1st period - Shot Misses the Net.
5:47 of 1st period - Snap shot by Enver Lisin.
5:47 of 1st period - Shot Blocked by John Moore.
5:55 of 1st period - Snap shot by Brock Trotter.
5:55 of 1st period - Shot Misses the Net.
7:02 of 1st period - Wrist shot by Sam Gagner.
7:02 of 1st period - Stopped by Sergei Bobrovsky with a rebound.
7:08 of 1st period - Wrist shot by Enver Lisin.
7:08 of 1st period - Stopped by Sergei Bobrovsky without a rebound.
7:09 of 1st period - Shawn Matthias wins face-off versus Matt Duchene in Monarchs zone.
7:23 of 1st period - Wrist shot by Zach Boychuk.
7:23 of 1st period - Shot Misses the Net.
7:25 of 1st period - Snap shot by Barry Tallackson.
7:25 of 1st period - Stopped by Sergei Bobrovsky without a rebound.
7:26 of 1st period - Alyn McCauley wins face-off versus Tommy Wingels in Monarchs zone.
8:01 of 1st period - Brian Gionta is hit by Brendon Nash and loses puck.
8:29 of 1st period - Icing by Jakub Kindl.
8:30 of 1st period - Alyn McCauley wins face-off versus Alex Chiasson in Blackdemons zone.
9:03 of 1st period - Shawn Matthias is hit by Brian Gionta.
9:19 of 1st period - Snap shot by David Clarkson.
9:19 of 1st period - Stopped by Matt Hackett without a rebound.
9:20 of 1st period - Alyn McCauley wins face-off versus Brayden Schenn in Blackdemons zone.
9:29 of 1st period - Wrist shot by Alyn McCauley.
9:29 of 1st period - Shot Misses the Net.
9:31 of 1st period - Wrist shot by Matt Calvert.
9:31 of 1st period - Shot Misses the Net.
9:33 of 1st period - Slapshot by Alyn McCauley.
9:33 of 1st period - Stopped by Sergei Bobrovsky without a rebound.
9:34 of 1st period - Matt Duchene wins face-off versus Shawn Matthias in Monarchs zone.
10:03 of 1st period - Icing by Alyn McCauley.
10:04 of 1st period - Tommy Wingels wins face-off versus Michael Haley in Blackdemons zone.
10:25 of 1st period - Minor Penalty to Jakub Kindl for Hooking.
10:26 of 1st period - Matt Duchene wins face-off versus Alyn McCauley in Blackdemons zone.
10:39 of 1st period - Snap shot by Matt Duchene.
10:39 of 1st period - Stopped by Matt Hackett without a rebound.
10:40 of 1st period - Matt Duchene wins face-off versus Alyn McCauley in Blackdemons zone.
12:25 of 1st period - Penalty to Jakub Kindl is over, Jakub Kindl is back on ice.
13:36 of 1st period - Icing by Michael Haley.
13:37 of 1st period - Maxime Macenauer wins face-off versus Michael Haley in Blackdemons zone.
14:16 of 1st period - Slava Voynov is hit by Scott Timmins and loses puck.
14:25 of 1st period - Slapshot by Matt Hunwick.
14:25 of 1st period - Stopped by Sergei Bobrovsky without a rebound.
14:26 of 1st period - Shawn Matthias wins face-off versus Matt Duchene in Monarchs zone.
14:29 of 1st period - Snap shot by Barry Tallackson.
14:29 of 1st period - Goal by Barry Tallackson - Blackdemons : 2 - Monarchs : 0.
14:30 of 1st period - Matt Duchene wins face-off versus Shawn Matthias in neutral zone.
14:35 of 1st period - Wrist shot by Hnat Domenichelli.
14:35 of 1st period - Shot Blocked by Matt Hunwick.
15:20 of 1st period - Wrist shot by Alyn McCauley.
15:20 of 1st period - Shot Misses the Net.
16:16 of 1st period - Wrist shot by Barry Tallackson.
16:16 of 1st period - Stopped by Sergei Bobrovsky with a rebound.
16:18 of 1st period - Slapshot by Andrew MacDonald.
16:18 of 1st period - Shot Misses the Net.
16:20 of 1st period - Snap shot by Sam Gagner.
16:20 of 1st period - Stopped by Sergei Bobrovsky with a rebound.
16:22 of 1st period - Slapshot by Andrew MacDonald.
16:22 of 1st period - Stopped by Sergei Bobrovsky without a rebound.
16:23 of 1st period - Sam Gagner wins face-off versus Brian Gionta in Monarchs zone.
16:29 of 1st period - Minor Penalty to Matt Duchene for Holding.
16:30 of 1st period - Sam Gagner wins face-off versus Brian Gionta in Monarchs zone.
18:12 of 1st period - Zach Boychuk is hit by James Wisniewski and loses puck.
18:23 of 1st period - Zach Boychuk is hit by Tommy Wingels and loses puck.
18:29 of 1st period - Penalty to Matt Duchene is over, Matt Duchene is back on ice.
19:23 of 1st period - Wrist shot by Enver Lisin.
19:23 of 1st period - Shot Misses the Net.
19:56 of 1st period - Hnat Domenichelli is hit by Michael Haley and loses puck.
Goals for this period are 2 for Blackdemons vs 0 for Monarchs .
Shots for this period are 14 for Blackdemons vs 2 for Monarchs .
2nd period
0:01 of 2nd period - Brian Gionta wins face-off versus Sam Gagner in neutral zone.
0:36 of 2nd period - John Moore is hit by Barry Tallackson and loses puck.
0:51 of 2nd period - Snap shot by Alex Chiasson.
0:51 of 2nd period - Shot Blocked by Andrew MacDonald.
1:50 of 2nd period - Slapshot by Brian Pothier.
1:50 of 2nd period - Shot Blocked by Zach Boychuk.
2:20 of 2nd period - Snap shot by Alyn McCauley.
2:20 of 2nd period - Deflect By Matt Calvert.
2:20 of 2nd period - Goal by Matt Calvert - Blackdemons : 3 - Monarchs : 0.
2:21 of 2nd period - Sam Gagner wins face-off versus Matt Duchene in neutral zone.
2:46 of 2nd period - Jakub Kindl is hit by Dwight King and loses puck.
2:55 of 2nd period - Wrist shot by Dwight King.
2:55 of 2nd period - Stopped by Matt Hackett with a rebound.
2:57 of 2nd period - Snap shot by Alex Chiasson.
2:57 of 2nd period - Stopped by Matt Hackett with a rebound.
2:59 of 2nd period - Slapshot by Alex Chiasson.
2:59 of 2nd period - Shot Misses the Net.
3:13 of 2nd period - Snap shot by Barry Tallackson.
3:13 of 2nd period - Goal by Barry Tallackson - Blackdemons : 4 - Monarchs : 0.
3:13 of 2nd period - Peter Budaj enters game.
3:14 of 2nd period - Matt Duchene wins face-off versus Shawn Matthias in neutral zone.
4:01 of 2nd period - Off-side.
4:02 of 2nd period - Tommy Wingels wins face-off versus Alyn McCauley in neutral zone.
4:05 of 2nd period - Wrist shot by Alex Chiasson.
4:05 of 2nd period - Goal by Alex Chiasson - Blackdemons : 4 - Monarchs : 1.
4:06 of 2nd period - Matt Duchene wins face-off versus Shawn Matthias in neutral zone.
4:31 of 2nd period - Reilly Smith is hit by John Moore and loses puck.
4:40 of 2nd period - Wrist shot by Brock Trotter.
4:40 of 2nd period - Shot Misses the Net.
4:42 of 2nd period - Snap shot by Brayden Schenn.
4:42 of 2nd period - Stopped by Matt Hackett without a rebound.
4:43 of 2nd period - Barry Tallackson wins face-off versus Brian Gionta in Blackdemons zone.
4:43 of 2nd period - Barry Tallackson is hit by Hnat Domenichelli.
5:29 of 2nd period - Snap shot by Michael Haley.
5:29 of 2nd period - Shot Blocked by Justin Schultz.
5:31 of 2nd period - Snap shot by Michael Haley.
5:31 of 2nd period - Shot Blocked by Justin Schultz.
5:33 of 2nd period - Snap shot by Andrew MacDonald.
5:33 of 2nd period - Stopped by Peter Budaj with a rebound.
5:35 of 2nd period - Wrist shot by Michael Haley.
5:35 of 2nd period - Stopped by Peter Budaj without a rebound.
5:36 of 2nd period - Shawn Matthias wins face-off versus Matt Duchene in Monarchs zone.
5:37 of 2nd period - Slapshot by Barry Tallackson.
5:37 of 2nd period - Deflect By Shawn Matthias.
5:37 of 2nd period - Shot Misses the Net.
5:37 of 2nd period - Puck is out of play.
5:38 of 2nd period - Matt Duchene wins face-off versus Shawn Matthias in Monarchs zone.
5:53 of 2nd period - Snap shot by Matt Duchene.
5:53 of 2nd period - Stopped by Matt Hackett with a rebound.
6:32 of 2nd period - Minor Penalty to Brendon Nash for Hooking.
6:33 of 2nd period - Matt Duchene wins face-off versus Alyn McCauley in Blackdemons zone.
6:33 of 2nd period - Wrist shot by Brian Gionta.
6:33 of 2nd period - Deflect By Brayden Schenn.
6:33 of 2nd period - Goal by Brayden Schenn - Blackdemons : 4 - Monarchs : 2.
6:34 of 2nd period - Barry Tallackson wins face-off versus Matt Duchene in neutral zone.
6:37 of 2nd period - Snap shot by Barry Tallackson.
6:37 of 2nd period - Stopped by Peter Budaj with a rebound.
6:45 of 2nd period - John Moore is hit by Barry Tallackson and loses puck.
7:28 of 2nd period - Slapshot by Brock Trotter.
7:28 of 2nd period - Deflect By Shawn Belle.
7:28 of 2nd period - Stopped by Matt Hackett with a rebound.
7:30 of 2nd period - Wrist shot by Brayden Schenn.
7:30 of 2nd period - Deflect By Brock Trotter.
7:30 of 2nd period - Stopped by Matt Hackett without a rebound.
7:31 of 2nd period - Matt Duchene wins face-off versus Barry Tallackson in Blackdemons zone.
7:40 of 2nd period - Snap shot by Matt Duchene.
7:40 of 2nd period - Stopped by Matt Hackett with a rebound.
7:46 of 2nd period - Slapshot by Barry Tallackson.
7:46 of 2nd period - Stopped by Peter Budaj without a rebound.
7:47 of 2nd period - Sam Gagner wins face-off versus Brayden Schenn in Monarchs zone.
7:53 of 2nd period - Minor Penalty to Brayden Schenn for Holding.
7:54 of 2nd period - Brian Gionta wins face-off versus Sam Gagner in Monarchs zone.
7:54 of 2nd period - Brian Gionta is hit by Brendon Nash.
8:07 of 2nd period - Snap shot by Brian Gionta.
8:07 of 2nd period - Stopped by Matt Hackett with a rebound.
8:28 of 2nd period - Snap shot by Barry Tallackson.
8:28 of 2nd period - Shot Blocked by Hnat Domenichelli.
8:30 of 2nd period - Snap shot by Brendon Nash.
8:30 of 2nd period - Goal by Brendon Nash - Blackdemons : 5 - Monarchs : 2.
8:31 of 2nd period - Sam Gagner wins face-off versus Brayden Schenn in neutral zone.
8:34 of 2nd period - Brian Pothier is hit by Matt Hunwick and loses puck.
9:21 of 2nd period - Slapshot by Sam Gagner.
9:21 of 2nd period - Stopped by Peter Budaj with a rebound.
9:23 of 2nd period - Snap shot by Enver Lisin.
9:23 of 2nd period - Deflect By Sam Gagner.
9:23 of 2nd period - Shot Misses the Net.
9:23 of 2nd period - Puck is out of play.
9:24 of 2nd period - Matt Duchene wins face-off versus Alyn McCauley in Monarchs zone.
9:58 of 2nd period - Brayden Schenn is hit by Shawn Belle and loses puck.
10:08 of 2nd period - Off-side.
10:09 of 2nd period - Steven Zalewski wins face-off versus Tommy Wingels in neutral zone.
10:20 of 2nd period - Slapshot by Matt Hunwick.
10:20 of 2nd period - Deflect By Scott Timmins.
10:20 of 2nd period - Shot Misses the Net.
10:20 of 2nd period - Puck is out of play.
10:21 of 2nd period - Matt Duchene wins face-off versus Alyn McCauley in Monarchs zone.
10:47 of 2nd period - Brian Pothier is hit by Brendon Nash and loses puck.
12:30 of 2nd period - Off-side.
12:31 of 2nd period - Sam Gagner wins face-off versus Matt Duchene in neutral zone.
13:05 of 2nd period - Snap shot by Zach Boychuk.
13:05 of 2nd period - Stopped by Peter Budaj with a rebound.
13:08 of 2nd period - Icing by Justin Schultz.
13:09 of 2nd period - Alyn McCauley wins face-off versus David Clarkson in Monarchs zone.
13:12 of 2nd period - Snap shot by Matt Calvert.
13:12 of 2nd period - Shot Misses the Net.
13:14 of 2nd period - Snap shot by Michael Haley.
13:14 of 2nd period - Stopped by Peter Budaj without a rebound.
13:15 of 2nd period - Alyn McCauley wins face-off versus Matt Duchene in Monarchs zone.
13:47 of 2nd period - Wrist shot by David Clarkson.
13:47 of 2nd period - Shot Misses the Net.
13:49 of 2nd period - Snap shot by Alec Martinez.
13:49 of 2nd period - Shot Misses the Net.
13:51 of 2nd period - Backhand shot by James Wisniewski.
13:51 of 2nd period - Stopped by Matt Hackett with a rebound.
13:53 of 2nd period - Slapshot by Alec Martinez.
13:53 of 2nd period - Shot Misses the Net.
13:55 of 2nd period - Slapshot by James Wisniewski.
13:55 of 2nd period - Stopped by Matt Hackett without a rebound.
13:56 of 2nd period - Shawn Matthias wins face-off versus Tommy Wingels in Blackdemons zone.
13:56 of 2nd period - Shawn Matthias is hit by Justin Schultz.
14:02 of 2nd period - Wrist shot by Shawn Matthias.
14:02 of 2nd period - Shot Misses the Net.
14:22 of 2nd period - Jakub Kindl is hit by Justin Schultz.
14:44 of 2nd period - Wrist shot by Brian Pothier.
14:44 of 2nd period - Stopped by Matt Hackett with a rebound.
14:46 of 2nd period - Snap shot by Brayden Schenn.
14:46 of 2nd period - Stopped by Matt Hackett with a rebound.
15:13 of 2nd period - Slapshot by Alyn McCauley.
15:13 of 2nd period - Shot Blocked by James Wisniewski.
16:24 of 2nd period - Wrist shot by Matt Duchene.
16:24 of 2nd period - Shot Blocked by Andrew MacDonald.
17:01 of 2nd period - Shawn Belle is hit by Brian Pothier and loses puck.
17:38 of 2nd period - Slapshot by Brian Pothier.
17:38 of 2nd period - Shot Blocked by Shawn Belle.
17:40 of 2nd period - Snap shot by Tommy Wingels.
17:40 of 2nd period - Stopped by Matt Hackett without a rebound.
17:41 of 2nd period - Matt Duchene wins face-off versus Steven Zalewski in Blackdemons zone.
18:06 of 2nd period - Brayden Schenn is hit by Andrew MacDonald and loses puck.
18:25 of 2nd period - Maxime Macenauer is hit by Zach Boychuk.
18:45 of 2nd period - Shawn Matthias is hit by James Wisniewski and loses puck.
18:52 of 2nd period - Snap shot by Matt Duchene.
18:52 of 2nd period - Goal by Matt Duchene - Blackdemons : 5 - Monarchs : 3.
18:53 of 2nd period - Sam Gagner wins face-off versus Matt Duchene in neutral zone.
18:58 of 2nd period - Slapshot by Enver Lisin.
18:58 of 2nd period - Shot Blocked by Brian Gionta.
19:08 of 2nd period - Snap shot by Hnat Domenichelli.
19:08 of 2nd period - Stopped by Matt Hackett without a rebound.
19:09 of 2nd period - Shawn Matthias wins face-off versus Brayden Schenn in Blackdemons zone.
19:39 of 2nd period - Alex Chiasson is hit by Zach Boychuk and loses puck.
Goals for this period are 3 for Blackdemons vs 3 for Monarchs .
Shots for this period are 10 for Blackdemons vs 17 for Monarchs .
3rd period
0:01 of 3rd period - Matt Duchene wins face-off versus Sam Gagner in neutral zone.
0:10 of 3rd period - Slapshot by Justin Schultz.
0:10 of 3rd period - Stopped by Matt Hackett without a rebound.
0:11 of 3rd period - Sam Gagner wins face-off versus Matt Duchene in Blackdemons zone.
0:11 of 3rd period - Sam Gagner is hit by Hnat Domenichelli.
0:23 of 3rd period - Wrist shot by Hnat Domenichelli.
0:23 of 3rd period - Goal by Hnat Domenichelli - Blackdemons : 5 - Monarchs : 4.
0:24 of 3rd period - Alyn McCauley wins face-off versus Matt Duchene in neutral zone.
0:24 of 3rd period - Alyn McCauley is hit by Brian Gionta.
0:33 of 3rd period - Alyn McCauley is hit by Matt Duchene and loses puck.
1:09 of 3rd period - Off-side.
1:10 of 3rd period - Shawn Matthias wins face-off versus Tommy Wingels in neutral zone.
1:15 of 3rd period - Slapshot by Matt Hunwick.
1:15 of 3rd period - Shot Blocked by John Moore.
1:33 of 3rd period - Shawn Matthias is hit by Alex Chiasson and loses puck.
1:58 of 3rd period - Slapshot by Dwight King.
1:58 of 3rd period - Stopped by Matt Hackett without a rebound.
1:59 of 3rd period - Matt Duchene wins face-off versus Sam Gagner in Blackdemons zone.
2:29 of 3rd period - Alyn McCauley is hit by Brayden Schenn and loses puck.
3:04 of 3rd period - Calvin de Haan is hit by Brian Gionta and loses puck.
3:09 of 3rd period - Wrist shot by Brian Gionta.
3:09 of 3rd period - Stopped by Matt Hackett with a rebound.
3:11 of 3rd period - Snap shot by John Moore.
3:11 of 3rd period - Stopped by Matt Hackett without a rebound.
3:12 of 3rd period - Brayden Schenn wins face-off versus Alyn McCauley in Blackdemons zone.
3:50 of 3rd period - Wrist shot by Zach Boychuk.
3:50 of 3rd period - Stopped by Peter Budaj without a rebound.
3:51 of 3rd period - Matt Duchene wins face-off versus Sam Gagner in Monarchs zone.
3:51 of 3rd period - Matt Duchene is hit by Sam Gagner.
4:05 of 3rd period - Wrist shot by Enver Lisin.
4:05 of 3rd period - Stopped by Peter Budaj without a rebound.
4:06 of 3rd period - Matt Duchene wins face-off versus Alyn McCauley in Monarchs zone.
4:31 of 3rd period - Reilly Smith is hit by Alex Chiasson and loses puck.
4:51 of 3rd period - Icing by Sam Gagner.
4:52 of 3rd period - Brayden Schenn wins face-off versus Shawn Matthias in Blackdemons zone.
5:01 of 3rd period - Slapshot by Brock Trotter.
5:01 of 3rd period - Deflect By Brayden Schenn.
5:01 of 3rd period - Shot Blocked by Jakub Kindl.
5:01 of 3rd period - Puck is out of play.
5:02 of 3rd period - Matt Duchene wins face-off versus Sam Gagner in Blackdemons zone.
5:24 of 3rd period - Minor Penalty to Andrew MacDonald for Roughing.
5:25 of 3rd period - Matt Duchene wins face-off versus Alyn McCauley in Blackdemons zone.
5:26 of 3rd period - Wrist shot by Brian Gionta.
5:26 of 3rd period - Shot Misses the Net.
5:56 of 3rd period - Slapshot by Brian Pothier.
5:56 of 3rd period - Deflect By Alex Chiasson.
5:56 of 3rd period - Shot Blocked by Matt Hunwick.
5:56 of 3rd period - Puck is out of play.
5:57 of 3rd period - Barry Tallackson wins face-off versus Alex Chiasson in Blackdemons zone.
6:06 of 3rd period - Snap shot by Slava Voynov.
6:06 of 3rd period - Stopped by Matt Hackett without a rebound.
6:07 of 3rd period - Matt Duchene wins face-off versus Alyn McCauley in Blackdemons zone.
7:24 of 3rd period - Penalty to Andrew MacDonald is over, Andrew MacDonald is back on ice.
7:31 of 3rd period - Slapshot by Shawn Belle.
7:31 of 3rd period - Shot Blocked by Justin Schultz.
8:29 of 3rd period - Dwight King is hit by Michael Haley and loses puck.
8:46 of 3rd period - Snap shot by Enver Lisin.
8:46 of 3rd period - Stopped by Peter Budaj with a rebound.
8:48 of 3rd period - Snap shot by Sam Gagner.
8:48 of 3rd period - Deflect By Enver Lisin.
8:48 of 3rd period - Stopped by Peter Budaj without a rebound.
8:49 of 3rd period - Sam Gagner wins face-off versus Matt Duchene in Monarchs zone.
9:42 of 3rd period - Slapshot by Barry Tallackson.
9:42 of 3rd period - Shot Blocked by John Moore.
11:28 of 3rd period - Slapshot by Andrew MacDonald.
11:28 of 3rd period - Stopped by Peter Budaj with a rebound.
11:34 of 3rd period - Matt Hunwick is hit by Brayden Schenn and loses puck.
11:47 of 3rd period - Slapshot by Matt Calvert.
11:47 of 3rd period - Goal by Matt Calvert - Blackdemons : 6 - Monarchs : 4.
11:48 of 3rd period - Matt Duchene wins face-off versus Sam Gagner in neutral zone.
11:53 of 3rd period - Slapshot by Hnat Domenichelli.
11:53 of 3rd period - Shot Blocked by Jakub Kindl.
12:45 of 3rd period - Wrist shot by Sam Gagner.
12:45 of 3rd period - Shot Blocked by Hnat Domenichelli.
12:47 of 3rd period - Slapshot by Jakub Kindl.
12:47 of 3rd period - Stopped by Peter Budaj with a rebound.
12:49 of 3rd period - Snap shot by Brendon Nash.
12:49 of 3rd period - Stopped by Peter Budaj with a rebound.
12:51 of 3rd period - Wrist shot by Reilly Smith.
12:51 of 3rd period - Shot Misses the Net.
12:53 of 3rd period - Wrist shot by Reilly Smith.
12:53 of 3rd period - Stopped by Peter Budaj with a rebound.
12:55 of 3rd period - Snap shot by Sam Gagner.
12:55 of 3rd period - Deflect By Enver Lisin.
12:55 of 3rd period - Stopped by Peter Budaj with a rebound.
13:57 of 3rd period - Wrist shot by Sam Gagner.
13:57 of 3rd period - Stopped by Peter Budaj with a rebound.
14:30 of 3rd period - Justin Schultz is hit by Jakub Kindl and loses puck.
14:49 of 3rd period - Wrist shot by Matt Duchene.
14:49 of 3rd period - Shot Misses the Net.
14:59 of 3rd period - Slapshot by Hnat Domenichelli.
14:59 of 3rd period - Stopped by Matt Hackett without a rebound.
15:00 of 3rd period - Brayden Schenn wins face-off versus Shawn Matthias in Blackdemons zone.
15:09 of 3rd period - Wrist shot by Brock Trotter.
15:09 of 3rd period - Stopped by Matt Hackett with a rebound.
15:11 of 3rd period - Snap shot by David Clarkson.
15:11 of 3rd period - Stopped by Matt Hackett without a rebound.
15:12 of 3rd period - Alyn McCauley wins face-off versus Tommy Wingels in Blackdemons zone.
15:22 of 3rd period - Wrist shot by Alex Chiasson.
15:22 of 3rd period - Stopped by Matt Hackett with a rebound.
15:44 of 3rd period - Snap shot by Brock Trotter.
15:44 of 3rd period - Stopped by Matt Hackett with a rebound.
15:46 of 3rd period - Snap shot by Brayden Schenn.
15:46 of 3rd period - Goal by Brayden Schenn - Blackdemons : 6 - Monarchs : 5.
15:47 of 3rd period - Alyn McCauley wins face-off versus Brayden Schenn in neutral zone.
15:50 of 3rd period - Slapshot by Andrew MacDonald.
15:50 of 3rd period - Shot Misses the Net.
16:12 of 3rd period - Andrew MacDonald is hit by Matt Martin and loses puck.
16:19 of 3rd period - Slapshot by James Wisniewski.
16:19 of 3rd period - Shot Misses the Net.
16:21 of 3rd period - Slapshot by Maxime Macenauer.
16:21 of 3rd period - Stopped by Matt Hackett with a rebound.
16:23 of 3rd period - Slapshot by James Wisniewski.
16:23 of 3rd period - Shot Misses the Net.
16:25 of 3rd period - Slapshot by Maxime Macenauer.
16:25 of 3rd period - Monarchs goal is going for a video replay.
16:25 of 3rd period - The goal is refused. The net was displaced accidentally..
16:26 of 3rd period - Alex Chiasson wins face-off versus Shawn Matthias in Blackdemons zone.
16:51 of 3rd period - David Clarkson is hit by Calvin de Haan.
16:55 of 3rd period - Slapshot by Alec Martinez.
16:55 of 3rd period - Shot Blocked by Steven Zalewski.
16:57 of 3rd period - Snap shot by Brock Trotter.
16:57 of 3rd period - Stopped by Matt Hackett without a rebound.
16:58 of 3rd period - Brayden Schenn wins face-off versus Alyn McCauley in Blackdemons zone.
17:07 of 3rd period - Snap shot by Brock Trotter.
17:07 of 3rd period - Deflect By David Clarkson.
17:07 of 3rd period - Stopped by Matt Hackett with a rebound.
17:09 of 3rd period - Snap shot by Slava Voynov.
17:09 of 3rd period - Stopped by Matt Hackett with a rebound.
17:23 of 3rd period - Alex Chiasson is hit by Zach Boychuk and loses puck.
17:30 of 3rd period - Slapshot by Barry Tallackson.
17:30 of 3rd period - Stopped by Peter Budaj with a rebound.
18:38 of 3rd period - Wrist shot by Alex Chiasson.
18:38 of 3rd period - Stopped by Matt Hackett with a rebound.
18:53 of 3rd period - Off-side.
18:54 of 3rd period - Bruce Boudreau call a timeout for Monarchs .
18:54 of 3rd period - Alyn McCauley wins face-off versus Hnat Domenichelli in neutral zone.
19:04 of 3rd period - Monarchs , Peter Budaj is pulled from the net.
19:08 of 3rd period - Slapshot by Brian Gionta.
19:08 of 3rd period - Stopped by Matt Hackett with a rebound.
19:10 of 3rd period - Slapshot by Brian Gionta.
19:10 of 3rd period - Stopped by Matt Hackett with a rebound.
19:18 of 3rd period - Snap shot by Brian Gionta.
19:18 of 3rd period - Shot Misses the Net.
19:20 of 3rd period - Snap shot by Matt Duchene.
19:20 of 3rd period - Stopped by Matt Hackett with a rebound.
19:22 of 3rd period - Snap shot by Hnat Domenichelli.
19:22 of 3rd period - Stopped by Matt Hackett without a rebound.
19:23 of 3rd period - Alyn McCauley wins face-off versus Matt Duchene in Blackdemons zone.
19:38 of 3rd period - Snap shot by Brian Gionta.
19:38 of 3rd period - Shot Misses the Net.
19:40 of 3rd period - Snap shot by Matt Duchene.
19:40 of 3rd period - Shot Blocked by Jakub Kindl.
19:42 of 3rd period - Snap shot by Justin Schultz.
19:42 of 3rd period - Shot Misses the Net.
19:44 of 3rd period - Snap shot by Brian Pothier.
19:44 of 3rd period - Shot Misses the Net.
19:46 of 3rd period - Slapshot by Hnat Domenichelli.
19:46 of 3rd period - Stopped by Matt Hackett without a rebound.
19:47 of 3rd period - Alyn McCauley wins face-off versus Brian Gionta in Blackdemons zone.
19:47 of 3rd period - Alyn McCauley is hit by Justin Schultz.
19:55 of 3rd period - Jakub Kindl is hit by Justin Schultz and loses puck.
Goals for this period are 1 for Blackdemons vs 2 for Monarchs .
Shots for this period are 12 for Blackdemons vs 23 for Monarchs .
Output by the SimonT Hockey Simulator (STHS) for François Prévost -- Original Page W3C XHTML 1.0 Valid